 Dungeon Crawl Stone Soup version 0.28.0-45-g0d030f2227 (webtiles) character file.

Game seed: 4406321981618943107

1670 pkoi the Conjurer (level 8, -2/63 HPs)
             Began as a Demigod Conjurer on Apr 12, 2022.
             Slain by a shadow (28 damage)
             ... on level 5 of the Dungeon.
             The game lasted 00:12:35 (8634 turns).

pkoi the Conjurer (Demigod Conjurer)                Turns: 8634, Time: 00:12:35

Health: -2/63      AC:  4    Str:  8    XL:     8   Next: 42%
Magic:  3/17       EV: 13    Int: 28    God:
Gold:   225        SH:  0    Dex: 12    Spells: 2/15 levels left

rFire   . . .      SeeInvis .   i - +1 lajatang
rCold   . . .      Faith    .   (shield currently unavailable)
rNeg    . . .      Spirit   .   a - +0 robe
rPois   .          Reflect  .   f - +0 helmet
rElec   .          Harm     .   k - +0 cloak
rCorr   .          Rampage  .   (no gloves)
Will    .....                   (no boots)
Stlth   ++........              d - amulet of regeneration
HPRegen 1.00/turn               (no ring)
MPRegen 0.15/turn               (no ring)

@: no status effects
A: high MP 1, forlorn, divine attributes
a: no special abilities


You were on level 5 of the Dungeon.
You visited 1 branch of the dungeon, and saw 5 of its levels.

You collected 225 gold pieces.

Inventory:

Hand Weapons
 e - a +4 dagger
 i - a +1 lajatang (weapon)
 n - a +1 short sword of electrocution
Armour
 a - a +0 robe (worn)
 f - a +0 helmet (worn)
 k - a +0 cloak (worn)
Magical Staves
 h - a staff of death
Jewellery
 d - an amulet of regeneration (around neck)
Wands
 g - a wand of polymorph (7)
Scrolls
 c - a scroll of identify
Potions
 b - 2 potions of curing
 j - a potion of mutation
 l - 2 potions of brilliance
 m - a potion of magic
 o - a potion of cancellation
 p - a potion of haste {unknown}


   Skills:
 + Level 3.2 Fighting
 + Level 3.9 Dodging
 - Level 1.7 Stealth
 - Level 4.0 Spellcasting
 + Level 6.5 Conjurations
 + Level 3.3 Hexes
 + Level 4.1 Translocations


You had 2 spell levels left.
You knew the following spells:

 Your Spells              Type           Power      Damage    Failure   Level
a - Magic Dart            Conj           100%       1d8       1%          1
b - Searing Ray           Conj           84%        2d7       1%          2
c - Iskenderun's Mystic   Conj/Tloc      35%        2d8       9%          4
d - Fulminant Prism       Conj/Hex       16%        3d11      10%         4
e - Blink                 Tloc           56%        N/A       1%          2

Your spell library contained the following spells:

 Spells                   Type           Power      Damage    Failure   Level
 Summon Small Mammal      Summ           20%        N/A       8%          1
 Dazzling Flash           Conj/Hex       66%        N/A       3%          3
 Lesser Beckoning         Tloc           28%        N/A       4%          3
 Summon Guardian Golem    Hex/Summ       14%        N/A       12%         3
 Call Canine Familiar     Summ           5%         N/A       22%         3
 Manifold Assault         Tloc           28%        N/A       36%         5


Dungeon Overview and Level Annotations

Branches:
Dungeon (5/15)
 Temple: D:4-7

Annotations:
D:4 2 transporters, seaoflcl's ghost, amateur HuFi


Innate Abilities, Weirdness & Mutations

You have an increased reservoir of magic. (+10% MP)
You shall have no god before yourself.
Your divine heritage dramatically boosts your attributes as you level up.


Message History

Reactivating autopickup.
Casting: Searing Ray (safe; 1% risk of failure)
Confirm with . or Enter, or press ? or * to list all spells.
Aiming: Searing Ray (safe; 1% risk of failure)
Press: ? - help, Shift-Dir - straight line, f/p - shadow
Aim: a shadow (heavily damaged, 82% to hit)
The searing ray hits the shadow.
The shadow is severely damaged. (Press . to maintain the ray.)
The shadow hits you.
The searing ray hits the shadow but does no damage.
The shadow is severely damaged.
The shadow slips into darkness.
The shadow flickers and vanishes!
Deactivating autopickup; reactivate with Ctrl-A.
The shadow strikes at you from the darkness!
* * * LOW HITPOINT WARNING * * *
Reactivating autopickup.
The searing ray hits the shadow.
The shadow is severely damaged.
You finish channelling your searing ray.
The shadow completely misses you.
The shadow slips into darkness.
The shadow flickers and vanishes!
Deactivating autopickup; reactivate with Ctrl-A.
Found a book of Frost.
The shadow strikes at you from the darkness!
* * * LOW HITPOINT WARNING * * *
Reactivating autopickup.
Aiming: Polymorph
Press: ? - help, Shift-Dir - straight line, f - you, p - shadow
Okay, then.
Unknown command.
Unknown command.
Okay, then.
The shadow slips into darkness.
The shadow flickers and vanishes!
Deactivating autopickup; reactivate with Ctrl-A.
The shadow strikes at you from the darkness!
You die...

........>...............##..#..#
...............................#
....#.)..)........#...........#
......##......)...#..........##
.##...#...#..).<...........$..##
....{.#...#....................##
..........#.....................#
......##..##....................#
..##..##.###....@##.......†.....#
.........##......#...............
..#[.#.................#..#......
..#.##......##..#......#..#..#..#
....##......###..................
.........#. ....#......##..#.....
.........# .....#..###.##..#.....
#.......## ##......##............
##.##....# #.###........#.......


There were no monsters in sight!

Vanquished Creatures
  Eustachio (D:5)
  Menkaure (D:4)
  A water moccasin (D:5)
  A sky beast (D:5)
  A hornet zombie (D:5)
  A necrophage (D:4)
  2 ogres
  Blork the orc (D:4)
  2 scorpions
  3 hounds (D:4)
  A jelly (D:4)
  A bullfrog skeleton (D:4)
  2 centaur skeletons (D:5)
  2 orc priests (D:5)
  A gnoll shaman (D:3)
  Jessica (D:2)
  Terence (D:2)
  An iguana (D:5)
  2 orc wizards
  A scorpion zombie (D:5)
  2 hound skeletons
  Robin (D:4)
  3 gnolls
  4 adders
  A shadow imp (D:5)
  4 worms
  A dart slug (D:3)
  15 orcs
  2 bats
  7 endoplasms
  5 giant cockroaches
  15 goblins
  11 hobgoblins
  6 quokkas
  7 ball pythons
  2 frilled lizards
  5 kobolds
  5 rats
123 creatures vanquished.

Notes
Turn   | Place    | Note
-------+----------+-------------------------------------------
     0 | D:1      | pkoi the Demigod Conjurer began the quest for the Orb.
     0 | D:1      | Reached XP level 1. HP: 14/14 MP: 5/5
   831 | D:1      | Reached skill level 4 in Conjurations
   831 | D:1      | Reached XP level 2. HP: 20/20 MP: 2/7
  2040 | D:2      | Reached XP level 3. HP: 26/26 MP: 5/9
  2193 | D:2      | Noticed Terence
  2451 | D:2      | Noticed Jessica
  2455 | D:2      | Killed Jessica
  2467 | D:2      | Reached XP level 4. HP: 23/33 MP: 4/10
  2926 | D:2      | Learned a level 2 spell: Searing Ray
  2931 | D:2      | Learned a level 4 spell: Iskenderun's Mystic Blast
  2945 | D:2      | Killed Terence
  3306 | D:2      | Reached skill level 5 in Conjurations
  3673 | D:3      | Reached skill level 1 in Translocations
  3840 | D:3      | Reached XP level 5. HP: 32/38 MP: 4/12
  4889 | D:4      | Reached XP level 6. HP: 41/45 MP: 9/14
  4923 | D:3      | Learned a level 4 spell: Fulminant Prism
  5483 | D:4      | Noticed Menkaure
  5497 | D:4      | Killed Menkaure
  5498 | D:4      | Reached skill level 1 in Fighting
  5498 | D:4      | Reached skill level 1 in Hexes
  5835 | D:4      | Noticed Robin
  5844 | D:4      | Killed Robin
  5932 | D:4      | Noticed Blork the orc
  5940 | D:4      | Killed Blork the orc
  5941 | D:4      | Reached XP level 7. HP: 52/52 MP: 7/15
  6216 | D:4      | Found a transporter.
  6695 | D:4      | Learned a level 2 spell: Blink
  6885 | D:4      | Noticed seaoflcl's ghost (amateur HuFi)
  6886 | D:4      | Found a transporter.
  7132 | D:5      | Entered Level 5 of the Dungeon
  7140 | D:5      | Reached skill level 6 in Conjurations
  7474 | D:5      | Noticed a shadow
  8037 | D:5      | Reached XP level 8. HP: 58/62 MP: 10/17
  8088 | D:5      | Noticed Eustachio
  8096 | D:5      | Killed Eustachio
  8634 | D:5      | Slain by a shadow

Illustrated notes

Levels and vault maps discovered:
D:1:      dpeg_arrival_radiant, layout_loops_corners, basic_ecumenical_altar,
          minmay_surrounded
D:2:      layout_rooms, uniq_jessica, uniq_terence
D:3:      layout_basic, chequers_serial_rivers_marsh, minmay_misc_feat_enclosed
D:4:      layout_rooms, mainiacjoe_overflow_surrounded_room,
          gammafunk_ghost_stat_death, uniq_menkaure, uniq_robin,
          uniq_blork_the_orc
D:5:      layout_cave_pools, uniq_eustachio

Skill      XL: |  1  2  3  4  5  6  7  8 |
---------------+-------------------------+-----
Spellcasting   | 2 3 4 |  4.0
Conjurations   | 4 5 6 |  6.5
Translocations | 1 2 3 4 |  4.1
Dodging        | 2 3 |  3.9
Fighting       | 1 2 3 |  3.2
Hexes          | 1 2 3 |  3.3
Stealth        | |  1.7

Action                   |  1- 3 |  4- 6 |  7- 9 || total
-------------------------+-------+-------+-------++-------
Melee: Unarmed           |    10 |       |       ||    10
       Lajatang          |     7 |    12 |     2 ||    21
 Cast: Magic Dart        |    88 |    54 |    48 ||   190
       Searing Ray       |       |    24 |    21 ||    45
       Iskenderun's Myst |       |       |     6 ||     6
  Use: Scroll            |       |     7 |     1 ||     8
       Potion            |       |     3 |       ||     3
Armor: Robe              |     3 |    11 |    12 ||    26
Dodge: Dodged            |    15 |    33 |    26 ||    74
